 Dungeon Crawl Stone Soup version 0.31-a0-986-g5e6e4ef867 (webtiles) character file.

Game seed: 6881009561578679127

336 ytrimaz the Sneak (level 6, -1/38 HPs)
             Began as an Octopode Shapeshifter on Nov 3, 2023.
             Slain by a black bear (3 damage)
             ... on level 4 of the Dungeon.
             The game lasted 00:03:47 (3010 turns).

ytrimaz the Sneak (Octopode Shapeshifter)           Turns: 3010, Time: 00:03:47

Health: -1/38      AC:  1    Str: 13    XL:     6   Next: 54%
Magic:  6/6        EV: 13    Int: 12    God:
Gold:   100        SH:  0    Dex: 14    Spells: 5/5 levels left

rFire   . .          .
                       - Unarmed
rCold   + . .        (no shield)
rNeg    . . .        (helmet currently unavailable)
rPois   .            (no amulet)
rElec   .            j - ring of flight
rCorr   .            k - ring of protection from cold
SInv    .            (no ring)
Will    .....        (no ring)
Stlth   ++++         (no ring)
HPRegen 0.26/turn    (no ring)
MPRegen 0.10/turn    (no ring)
                     (no ring)

%: no passive effects
@: beast-form, flying
A: beast (slay +2), almost no armour, amphibious, 8 rings, camouflage 1,
gelatinous body 1, (nimble swimmer 1), tentacles
a: Begin Untransformation


You were on level 4 of the Dungeon.
You were a hulking beast.
You visited 1 branch of the dungeon, and saw 4 of its levels.

You collected 100 gold pieces.


Innate Abilities, Weirdness & Mutations

You are a hulking beast.
Your limbs bulge with bestial killing power. (Slay +2)
You cannot wear most types of armour.
You are amphibious.
You can wear up to eight rings at the same time.
Your skin changes colour to match your surroundings (Stealth+).
Your rubbery body absorbs attacks. (AC +1, EV +1)
((You are camouflaged when in or above water. (Stealth+)))
You have tentacles for arms and can constrict up to eight enemies at once.


   Skills:
 - Level 1.0 Fighting
 - Level 2.0 Dodging
 * Level 6.7 Stealth
 + Level 4.5 Unarmed Combat
 + Level 3.8 Shapeshifting


You had 5 spell levels left.
You didn't know any spells.
Your spell library contained the following spells:

 Spells                   Type           Power      Damage    Failure   Level
 Scorch                   Fire           0%         2d5       45%         2
 Flame Wave               Conj/Fire      0%         2d4       97%         4
 Summon Cactus Giant      Summ           0%         N/A       100%        6

Inventory:

Jewellery
 j - a ring of flight (left tentacle)
   (You found it on level 2 of the Dungeon)
 k - a ring of protection from cold (right tentacle)
   (You found it on level 2 of the Dungeon)
Talismans
 b - a beast talisman
 c - a flux talisman
 i - a maw talisman
   (You found it on level 2 of the Dungeon)
Scrolls
 d - 2 scrolls of enchant armour
 g - 2 scrolls of teleportation
 l - a scroll of fog
 m - a scroll of summoning {unknown}
 p - a scroll of torment {unknown}
 r - a scroll of amnesia {unknown}
 s - a scroll of vulnerability {unknown}
 t - a scroll of immolation {unknown}
Potions
 a - 2 potions of lignification
 e - 2 potions of might
 h - a potion of haste {unknown}
 n - a potion of enlightenment {unknown}
 o - 2 potions of attraction {unknown}
 q - a potion of invisibility {unknown}

Dungeon Overview and Level Annotations

Branches:
Dungeon (4/15) Zot: 21002
 Temple: D:4-7

Altars:

## ###. ##. #...## .#...
##..... ##.........
#.....####..........
###...h..#............
.......h.##.......... ..
.......#...........# ...
.......#...........##...
........#...............
........#...$...........
.....###.........#.##.#.
..........##............
#............#.#........
........#.####.......


You could see a black bear.


Message History

Unknown command.
The orc barely misses you. 😮 HP[+1]
You bludgeon the orc!
You kill the orc!
Unknown command.
You see here a +0 dagger.
Key pressed, stopping explore.
There is a stone staircase leading down here.
Found a stone staircase leading down. 😎 HP[+16]
Your hp is fully restored (38).
You now have 100 gold pieces (gained 13).
Key pressed, stopping explore.
A worm comes into view.
A worm is nearby!
A worm is nearby!
A worm is nearby!
A worm is nearby!
Found a stone staircase leading down.
The helpless worm fails to defend itself.
You bludgeon the worm! You grab the worm. You tentacle-slap the worm.
You squeeze the worm.
You kill the worm!
No target in view!
Unknown command.
No target in view!
No target in view!
A goblin comes into view. It is wielding a +0 club.
You see here 13 gold pieces.
A goblin is nearby!
A goblin is nearby!
A goblin is nearby!
The goblin shouts!
You tentacle-slap the goblin.
You kill the goblin!
No target in view!
No target in view!
A black bear comes into view.
A black bear is nearby!
A black bear is nearby!
Unknown command.
As you read the scroll labelled DICATUT ZOMA, it crumbles to dust.
It is a scroll of identify.
g - 2 scrolls of teleportation
As you read the scroll of identify, it crumbles to dust.
e - 2 potions of might
As you read the scroll of identify, it crumbles to dust.
l - a scroll of fog The black bear barely misses you.
The black bear claws you. The black bear misses you.
You see here a +0 club. 😕 HP[-2]
You take 2 damage, and now have 36/38 hp.
You closely miss the black bear. Your grab misses the black bear.
The black bear bites you but does no damage.
The black bear misses you. The black bear claws you. 😕 HP[-1]
You take 1 damage, and now have 35/38 hp.
You tentacle-slap the black bear. Your grab misses the black bear.
You tentacle-slap the black bear. The black bear bites you.
The black bear closely misses you. x2 😕 HP[-3]
You take 3 damage, and now have 32/38 hp.
Unknown command.
You closely miss the black bear. Your grab misses the black bear.
You squeeze the black bear. The black bear barely misses you.
The black bear claws you. x2 😕 HP[-3]
You take 3 damage, and now have 29/38 hp.
You tentacle-slap the black bear. You grab the black bear.
You constrict the black bear. The black bear closely misses you.
The black bear claws you.
The black bear barely misses you. 😮 HP[-2]
You take 2 damage, and now have 27/38 hp.
Unknown command.
You tentacle-slap the black bear. You constrict the black bear.
The black bear bites you. The black bear barely misses you.
The black bear claws you.
* * * LOW HITPOINT WARNING * * *
😨 HP[-8]
You take 8 damage, and now have 19/38 hp.
MASSIVE DAMAGE!! (PAUSE)
You tentacle-slap the black bear. You constrict the black bear.
The black bear bites you!
* * * LOW HITPOINT WARNING * * *
The black bear claws you.
* * * LOW HITPOINT WARNING * * *
The black bear barely misses you. 😱 HP[-10]
You take 10 damage, and now have 9/38 hp.
MASSIVE DAMAGE!! (PAUSE)
You tentacle-slap the black bear but do no damage.
You squeeze the black bear. You constrict the black bear.
The black bear bites you.
* * * LOW HITPOINT WARNING * * *
The black bear claws you.
* * * LOW HITPOINT WARNING * * *
The black bear claws you.
You die...

Skill      XL: |  1  2  3  4  5 |
---------------+----------------+-----
Stealth        | 1 3 4 5 6 |  6.7
Unarmed Combat | 4 |  4.5
Fighting       | |  1.0
Dodging        | |  2.0
Shapeshifting  | |  3.8

Action                     |  1- 3 |  4- 6 || total
---------------------------+-------+-------++-------
  Melee: Unarmed           |    73 |    99 ||   172
         Constrict         |    13 |    25 ||    38
         Tentacles         |    11 |    18 ||    29
         Punch             |     1 |     3 ||     4
    Use: Potion            |       |     2 ||     2
         Scroll            |       |     4 ||     4
   Stab: Sleeping          |    12 |    16 ||    28
 Armour: Skin              |    24 |    84 ||   108
  Dodge: Dodged            |    57 |    56 ||   113

Levels and vault maps discovered:
D:1:      elethiomel_arrival_infinity_welcomes_careful_drivers,
          layout_loops_ring
D:2:      layout_basic, shapermc_ecumenical_altar_mp_urbaneastern,
          minmay_tetromino_i2
D:3:      layout_basic
D:4:      layout_cave_pools, hellmonk_okawaru_the_only_friend_you_need

Notes
Turn   | Place    | Note
-------+----------+-------------------------------------------
     0 | D:1      | ytrimaz the Octopode Shapeshifter began the quest for the
                  | Orb.
     0 | D:1      | Reached XP level 1. HP: 13/13 MP: 1/1
     0 | D:1      | magus.rc [v1.9.6]
    18 | D:1      | Reached skill level 1 in Stealth
    92 | D:1      | Reached XP level 2. HP: 18/18 MP: 2/2
    96 | D:1      | Reached skill level 2 in Stealth
   296 | D:1      | Reached skill level 3 in Stealth
   296 | D:1      | Reached XP level 3. HP: 21/23 MP: 3/3
   910 | D:2      | Reached skill level 4 in Stealth
  1047 | D:2      | Reached XP level 4. HP: 28/28 MP: 4/4
  1371 | D:2      | Reached skill level 5 in Stealth
  1371 | D:2      | Reached XP level 5. HP: 21/33 MP: 5/5
  1482 | D:2      | Reached skill level 4 in Unarmed Combat
  1485 | D:2      | HP: 8/33 [poisoned by an adder]
  1643 | D:2      | You pick up a book of Scorching and begin reading...
  1643 | D:2      | You add the spells Scorch, Flame Wave and Summon Cactus
                  | Giant to your library.
  1915 | D:2      | Found a faded altar of an unknown god.
  2240 | D:3      | Reached skill level 6 in Stealth
  2240 | D:3      | Reached XP level 6. HP: 32/38 MP: 6/6
  2267 | D:3      | Identified the +8 falchion of the Spider Nest {drain, rCorr
                  | Str-5 Dex+3}
  2996 | D:4      | Noticed a black bear
  3009 | D:4      | HP: 9/38 [black bear (2)]
  3010 | D:4      | HP: 3/38 [black bear (6)]
  3010 | D:4      | Slain by a black bear

Vanquished Creatures
  A bullfrog (D:4)
  A scorpion (D:2)
  An orc wizard (D:3)
  5 adders
  4 gnolls (D:2)
  2 worms
  3 dart slugs
  6 orcs
  9 ball pythons
  10 bats
  3 endoplasms
  2 giant cockroaches (D:3)
  7 goblins
  8 hobgoblins
  9 jackals
  7 kobolds
  4 quokkas
  3 frilled lizards
  3 rats (D:1)
88 creatures vanquished.

Table legend:
 A = Non-vault XP
 B = Vault XP
 C = Vault XP percentage of total XP
 D = Non-vault monster count
 E = Vault monster count
 F = Vault count percentage of total count
                 A         B        C        D         E       F
            +---------+---------+-------+---------+---------+-------
      Total |     454 |      26 |   5.4 |      86 |       2 |   2.3
            +---------+---------+-------+---------+---------+-------
        D:1 |      62 |       0 |   0.0 |      34 |       0 |   0.0
        D:2 |     197 |      26 |  11.7 |      23 |       2 |   8.0
        D:3 |      98 |       0 |   0.0 |      25 |       0 |   0.0
        D:4 |      97 |       0 |   0.0 |       4 |       0 |   0.0
            +---------+---------+-------+---------+---------+-------

Skill      XL: |  1  2  3  4  5 |
---------------+----------------+-----
Stealth        | 1 3 4 5 6 |  6.7
Unarmed Combat | 4 |  4.5
Fighting       | |  1.0
Dodging        | |  2.0
Shapeshifting  | |  3.8

Action                     |  1- 3 |  4- 6 || total
---------------------------+-------+-------++-------
  Melee: Unarmed           |    73 |    99 ||   172
         Constrict         |    13 |    25 ||    38
         Tentacles         |    11 |    18 ||    29
         Punch             |     1 |     3 ||     4
    Use: Potion            |       |     2 ||     2
         Scroll            |       |     4 ||     4
   Stab: Sleeping          |    12 |    16 ||    28
 Armour: Skin              |    24 |    84 ||   108
  Dodge: Dodged            |    57 |    56 ||   113

Illustrated notes

Table legend:
 A = Kills in this place as a percentage of kills in the entire game.
 B = Kills by you in this place as a percentage of kills by you in the entire game.
 C = Kills by friends in this place as a percentage of kills by friends in the entire game.
 D = Other kills in this place as a percentage of other kills in the entire game.
 E = Experience gained in this place as a percentage of experience gained in the entire game.
 F = Experience gained in this place divided by the number of levels of this place that you have seen.
                   A       B       C       D       E      F
               +-------+-------+-------+-------+-------+----------------------
         Total | 100.0 | 100.0 |   N/A |   N/A | 100.0 | 120.0
       Dungeon | 100.0 | 100.0 |   N/A |   N/A | 100.0 | 120.0
               +-------+-------+-------+-------+-------+----------------------

Table legend: (Time is in decaauts)
 A = Elapsed time spent in this place.
 B = Non-inter-level travel time spent in this place.
 C = Inter-level travel time spent in this place.
 D = Time resting spent in this place.
 E = Time spent auto-exploring this place.
 F = Levels seen in this place.
 G = Mean time per level.
                   A        B        C        D        E       F      G
               +--------+--------+--------+--------+--------+-----+--------+
         Total |   2996 |   2949 |     47 |     27 |   2307 |   4 |  749.0 |
       Dungeon |   2996 |   2949 |     47 |     27 |   2307 |   4 |  749.0 |
               +--------+--------+--------+--------+--------+-----+--------+

Top non-repeatable levels by time:
     D:2: 1064 daAuts
     D:3: 906 daAuts
     D:1: 859 daAuts
     D:4: 166 daAuts
